AoeStats
← Mithridates VI.

Oasis

509743403Analyzed
4v4 RM · 3d ago on Sep 27, 2026· 57m 57s· 8 players
Game mode
Random Map
Map size
Large (8 player)
Population
200
Speed
Normal
Resources
Standard
Victory
Conquest
Starting age
Dark Age
Ending age
Imperial Age
RankedLock teamsTeams togetherTeam positionsShared explorationLock speedFull tech treeHidden civsTurbo modeCheats
Victory
Defeat
🇩🇪 Aztecs · Germany
879
+16
🇩🇪 Gurjaras · Germany
877
+16
🇩🇪 Danes · Germany
843
+18
🇩🇪 Persians · Germany
820
+19
🇺🇸 Poles · United States
1033
-74
🇲🇽 Wei · Mexico
896
-18
🇰🇿 Saxons · Kazakhstan
890
-18
🇹🇷 Franks · Türkiye
723
-11
marcobecerrap
11:00 Feudal Age
11:51 Double-Bit Axe
12:50 Wheelbarrow
16:00 Castle Age
14:39 Stone Mining
14:43 Horse Collar
16:00 Gold Mining
18:00 Hand Cart
22:55 Fletching
26:56 Bodkin Arrow
32:52 Imperial Age
32:09 Gold Shaft Mining
33:32 Caravan
34:19 Ballistics
37:09 Conscription
37:04 Bracer
37:16 Forging
37:07 Scale Mail Armor
38:22 Stone Shaft Mining
39:20 Iron Casting
39:21 Loom
39:01 Elite Tiger Cavalry
41:27 Thumb Ring
41:48 Parthian Tactics
42:00 Padded Archer Armor
42:12 Bow Saw
43:58 Ming Guang Armor
44:38 Leather Archer Armor
45:31 Town Watch
45:42 Arson
46:45 Pikeman
47:25 Squires
50:04 Chemistry
kike
5:17 Loom
10:55 Feudal Age
11:52 Double-Bit Axe
15:18 Forging
16:34 Horse Collar
17:04 Scale Barding Armor
20:41 Castle Age
20:16 Wheelbarrow
20:14 Bloodlines
25:14 Heavy Plow
25:34 Husbandry
27:05 Iron Casting
26:51 Chain Barding Armor
26:58 Szlachta Privileges
28:30 Gold Mining
30:03 Hand Cart
38:26 Imperial Age
37:43 Fletching
40:31 Blast Furnace
39:28 Bodkin Arrow
40:16 Town Watch
40:00 Cavalier
40:48 Padded Archer Armor
43:24 Town Patrol
43:30 Heavy Mounted Crossbowman
49:50 Chemistry
53:47 Chemistry
bba
11:37 Feudal Age
12:26 Double-Bit Axe
18:52 Castle Age
18:35 Gold Mining
19:58 Bow Saw
27:46 Imperial Age
27:40 Ballistics
28:57 Gold Shaft Mining
28:43 Husbandry
33:09 Chemistry
33:27 Wheelbarrow
33:29 Cavalier
34:16 Elite Skirmisher
35:31 Hand Cart
35:26 Stone Mining
38:18 Paladin
40:51 Forging
40:42 Scale Mail Armor
40:47 Scale Barding Armor
40:43 Padded Archer Armor
40:33 Fletching
42:07 Treadmill Crane
42:24 Town Watch
48:34 Chain Barding Armor
48:29 Chain Mail Armor
48:50 Iron Casting
48:10 Bodkin Arrow
48:30 Leather Archer Armor
Gravity
10:26 Loom
15:00 Feudal Age
16:06 Horse Collar
16:15 Double-Bit Axe
24:04 Castle Age
23:12 Wheelbarrow
24:17 Gold Mining
26:22 Bow Saw
26:53 Gold Shaft Mining
30:44 Imperial Age
29:54 Gambesons
30:10 Squires
30:00 Arson
30:28 Heavy Plow
30:26 Pikeman
40:21 Scale Mail Armor
40:32 Forging
Rockefeller
11:24 Feudal Age
12:41 Double-Bit Axe
12:38 Horse Collar
17:44 Castle Age
18:25 Heavy Plow
18:38 Bow Saw
18:54 Forging
18:45 Scale Mail Armor
18:39 Gold Mining
20:54 Iron Casting
22:53 Squires
23:36 Pikeman
23:39 Eagle Warrior
24:57 Arson
26:12 Stone Mining
26:51 Town Watch
27:41 Wheelbarrow
28:55 Chain Mail Armor
30:58 Elite Skirmisher
31:41 Murder Holes
32:13 Fletching
34:13 Hand Cart
37:28 Imperial Age
38:05 Gold Shaft Mining
37:58 Elite Eagle Warrior
39:37 Atlatl
41:18 Garland Wars
41:25 Conscription
41:46 Plate Mail Armor
42:59 Blast Furnace
42:59 Elite Jaguar Warrior
43:41 Bodkin Arrow
43:47 Padded Archer Armor
43:51 Atlatl
58:33 Bracer
IAMFifaAddicted
10:00 Loom
12:31 Feudal Age
16:38 Gold Mining
18:16 Stone Mining
21:12 Double-Bit Axe
24:03 Castle Age
22:36 Scale Barding Armor
22:41 Forging
27:38 Horse Collar
30:01 Scale Mail Armor
30:11 Husbandry
31:09 Stone Shaft Mining
32:43 Wheelbarrow
37:03 Fortified Wall
37:18 Chain Barding Armor
37:34 Iron Casting
38:12 Hand Cart
41:11 Bloodlines
41:16 Scale Mail Armor
41:33 Town Watch
44:30 Heavy Plow
Chasen Statham
0:48 Loom
10:34 Feudal Age
11:04 Double-Bit Axe
12:10 Wheelbarrow
11:33 Town Watch
11:46 Horse Collar
13:54 Arson
16:11 Stone Mining
16:23 Gold Mining
20:19 Scale Mail Armor
22:55 Castle Age
24:18 Gold Shaft Mining
23:56 Heavy Plow
24:13 Bow Saw
24:29 Forging
24:11 Fletching
24:44 Squires
25:20 Hand Cart
27:13 Chain Mail Armor
27:38 Hamask
30:16 Iron Casting
35:58 Imperial Age
34:44 Bodkin Arrow
36:05 Elite Jomsviking
37:06 Conscription
37:37 Plate Mail Armor
39:29 Blast Furnace
42:08 Chemistry
43:24 Hoardings
48:21 Ballistics
48:14 Masonry
56:12 Bracer
57:11 Caravan
Mithridates VI.
10:26 Feudal Age
21:58 Castle Age
20:27 Double-Bit Axe
20:36 Gold Mining
21:16 Stone Mining
40:18 Caravan
43:01 Horse Collar
47:09 Bow Saw
48:33 Stone Shaft Mining
48:49 Heavy Plow
49:39 Gold Shaft Mining
57:36 Husbandry
57:47 Bloodlines
Connection lost

Rejoining the realm…

Still unreachable

The connection could not be restored.

Session expired

The server has moved on; the page needs a fresh start.